 Dungeon Crawl Stone Soup version 0.30-a0-269-gf0224bf7b6 (webtiles) character file.

Game seed: 13277458863288292476

9806 slphil the Fighter (level 11, -10/90 HPs)
             Began as a Djinni Hedge Wizard on Oct 14, 2022.
             Was an Initiate of Gozag.
             Engulfed by an ice statue's freezing vapour (11 damage)
             ... in an ice cave.
             The game lasted 00:25:05 (11508 turns).

slphil the Fighter (Djinni Hedge Wizard)           Turns: 11508, Time: 00:25:06

Health: -10/90     AC: 17    Str: 13    XL:     11   Next: 81%
Gold:   1474       EV: 12    Int: 18    God:    Gozag SH:  0 Dex: 18

rFire   + + .      SeeInvis .    b - staff of conjuration
rCold   . . .      Faith    .    (no shield)
rNeg    . . .      Spirit   .    L - +3 leather armour "Kutaij" {rCorr Int-2 Dex+5}
rPois   ∞          Reflect  .    p - +1 helmet
rElec   .          Harm     .    w - +2 cloak
rCorr   +          Rampage  .    y - +1 pair of gloves of Lilacs {Str+4}
Will    +....                    (boots unavailable)
Stlth   +.........               (no amulet)
HPRegen 0.35/turn                i - +4 ring of protection
MPRegen 0.00/turn                k - ring of protection from cold

@: confused, ambrosia-drunk, flying
A: sickness immunity, fire resistance 2, cold vulnerability 1, float, innate
caster, HP casting, extra vitality 1
a: Renounce Religion, Potion Petition, Call Merchant, Bribe Branch


You were in an ice cave.
You worshipped Gozag.
Gozag was most pleased with you.
You visited 2 branches of the dungeon, and saw 12 of its levels.
You also visited: Ice Cave.

You collected 1836 gold pieces.
You spent 285 gold pieces at shops.
You paid 77 gold pieces to Gozag.

Inventory:

Hand Weapons
 a - a +5 mace of protection
 o - a +0 falchion of electrocution
 v - a +0 dagger
Missiles
 n - 3 throwing nets
Armour
 p - a +1 helmet (worn)
 q - a +2 leather armour of positive energy
 r - a +2 scale mail of willpower
 w - a +2 cloak (worn)
 y - the +1 pair of gloves of Lilacs (worn) {Str+4}
   (You bought it in a shop on level 4 of the Dungeon)

   Str:       It affects your strength (+4).
 K - +0 steam dragon scales
 L - the +3 leather armour "Kutaij" (worn) {rCorr Int-2 Dex+5}
   (You found it on level 10 of the Dungeon)

   Int:       It affects your intelligence (-2).
   Dex:       It affects your dexterity (+5).
   rCorr:     It protects you from acid and corrosion.
Magical Staves
 b - a staff of conjuration (weapon)
Jewellery
 i - a +4 ring of protection (left hand)
 k - a ring of protection from cold (right hand)
 m - a ring of resist corrosion
 u - a ring of ice
 x - a +6 ring of strength
 O - a +6 ring of intelligence
Wands
 B - a wand of roots (23)
 E - a wand of paralysis (16)
 N - a wand of polymorph (3)
 Q - a wand of mindburst (3)
Scrolls
 d - 3 scrolls of enchant armour
 e - 2 scrolls of fog
 f - 4 scrolls of teleportation
 j - 3 scrolls of fear
 s - 2 scrolls of vulnerability
 A - a scroll of noise
 F - a scroll of acquirement {unknown}
 I - a scroll of blinking {unknown}
 M - a scroll of identify
 P - a scroll of summoning {unknown}
Potions
 g - a potion of cancellation {unknown}
 h - a potion of heal wounds {unknown}
 l - a potion of might
 t - 5 potions of brilliance
 z - a potion of magic {unknown}
 C - 2 potions of berserk rage
 D - 2 potions of degeneration
 G - 2 potions of mutation
 H - a potion of ambrosia
 J - a potion of curing
Miscellaneous
 c - a condenser vane


   Skills:
 + Level 12.5 Fighting
 - Level 2.1 Dodging
 - Level 1.5 Stealth
 + Level 10.1 Spellcasting


You had 6 spell levels left.
You knew the following spells:

 Your Spells              Type           Power      Damage    Failure   Level
a - Magic Dart            Conj           100%       1d8       1%          1
b - Slow                  Hex            100%       N/A       1%          1
c - Blink                 Tloc           90%        N/A       1%          2
d - Call Imp              Summ           45%        N/A       1%          2
e - Cigotuvi's Dreadful   Necr/Pois/Air  90%        N/A       1%          2
f - Mephitic Cloud        Conj/Pois/Air  62%        N/A       1%          3
g - Summon Small Mammal   Summ           100%       N/A       1%          1
h - Scorch                Fire           90%        2d9       1%          2
i - Lesser Beckoning      Tloc           90%        N/A       1%          3
j - Stone Arrow           Conj/Erth      100%       3d13      1%          3
k - Anguish               Hex/Necr       22%        N/A       1%          4
Your spell library was empty.

Dungeon Overview and Level Annotations

Branches:
Dungeon (11/15)            Temple (1/1) D:4             Orc (0/2) D:9
  IceCv (1/1)
   Lair: D:8-11

Altars:
Ashenzari
Cheibriados
Dithmenos
Elyvilon
Fedhas
Gozag
Hepliaklqana
Makhleb
Nemelex Xobeh
Okawaru
Qazlal
Ru
Trog
Uskayaw
Wu Jian
Xom
Yredelemnul
Zin
The Shining One

Shops:
D:4 *   D:8 (

Annotations:
D:4 1 runed translucent door, Crazy Yiuf
D:5 2 transporters, gzilladon's ghost, amateur HOMo IceCv exclusion: ice statue


Innate Abilities, Weirdness & Mutations

You are immune to sickness and miasma.
You are immune to poison.
Your flesh is very heat resistant. (rF++)
You are vulnerable to cold. (rC-)
You float through the air rather than walking.
You learn spells naturally, not from books.
Your magical power is your life essence.
You have superior vitality. (+4 MHP)


Message History

The shard of ice hits you.
Casting: Stone Arrow (safe; 1% risk of failure)
Confirm with . or Enter, or press ? or * to list all spells.
You can't see any susceptible monsters within range! (Use Z to cast anyway.) Unknown command.
You feel a surge of power!
The stone arrow hits the ice statue!
The ice statue is moderately damaged.
You feel a surge of power!
The stone arrow hits the ice statue!
The ice statue is heavily damaged.
The ice statue gestures at you. The bolt of cold misses you.
You feel a surge of power!
The stone arrow hits the ice statue!
The ice statue is severely damaged.
The ice statue gestures at you. The freezing blast engulfs you!
You feel a surge of power!
The stone arrow hits the ice statue!!
The ice statue is almost destroyed.
You are engulfed in freezing vapours.
The ice statue gestures at you. The shard of ice hits you!
You are too injured to fight recklessly!
Casting: Stone Arrow (safe; 1% risk of failure)
Confirm with . or Enter, or press ? or * to list all spells.
Aiming: Stone Arrow (safe; 1% risk of failure)
Press: ? - help, Shift-Dir - straight line, f/p - ice statue
Aim: an ice statue (freezing vapour, almost destroyed, 100% to hit)
You feel a surge of power!
The stone arrow hits the ice statue.
The ice statue is almost destroyed.
You are engulfed in freezing vapours.
* * * LOW HITPOINT WARNING * * *
The ice statue gestures.
Okay, then.
Okay, then.
You are engulfed in freezing vapours.
* * * LOW HITPOINT WARNING * * *
Okay, then.
You are confused.
You feel invigorated.
You are engulfed in freezing vapours.
You die...
Your body crumbles into a pile of gold.

## ##.. ##
#..8°#○
#..°Y○○##
#°# #@##
.# ##°# .#
##.## ..
#.##
.##.##
..##.#
##.##.##
##..###.#
##...##..#


There were no monsters in sight!

Vanquished Creatures
  A hydra (D:10)
  2 two-headed ogres
  A cyclops (D:9)
  An unseen horror (D:10)
  Maggie (D:8)
  A komodo dragon (D:11)
  2 anaconda simulacra (IceCv)
  A hornet (D:9)
  A troll (D:10)
  5 yaks (D:9)
  2 wraiths
  A wyvern (D:9)
  A death yak simulacrum (IceCv)
  Menkaure (D:4)
  A steam dragon (D:8)
  A harpy simulacrum (IceCv)
  An ice beast (D:7)
  A black bear (D:5)
  2 sky beasts (D:8)
  A phantom (D:5)
  3 kobold brigands
  2 bullfrogs
  A gnoll sergeant (D:3)
  A scorpion (D:5)
  2 cane toad simulacra (IceCv)
  3 two-headed ogre simulacra (IceCv)
  10 wights
  An elephant simulacrum (IceCv)
  12 killer bees
  3 howler monkeys (D:9)
  3 jellies
  2 gnoll boudas
  4 hounds
  Natasha (D:1)
  Terence (D:3)
  4 iguanas
  5 orc wizards
  5 troll simulacra (IceCv)
  A polar bear simulacrum (IceCv)
  5 spriggan simulacra (IceCv)
  2 wolf simulacra (IceCv)
  Robin (D:3)
  22 gnolls
  9 adders
  5 naga simulacra (IceCv)
  A shadow imp (D:6)
  6 white imps
  10 ufetubi
  5 dart slugs
  11 orcs
  5 ball pythons
  7 endoplasms
  4 giant cockroaches
  14 goblins
  9 hobgoblins
  5 quokkas
  6 bats
  A frilled lizard (D:2)
  16 kobolds
  4 rats
240 creatures vanquished.

Vanquished Creatures (collateral kills)
  A kobold demonologist (D:9)
  Sigmund (D:2)
  Blork the orc (D:4)
  A killer bee (D:9)
  A hobgoblin (D:3)
5 creatures vanquished.

Vanquished Creatures (others)
  A plant (D:8)
  4 toadstools (D:1)
5 creatures vanquished.

Grand Total: 250 creatures vanquished

Notes
Turn   | Place    | Note
-------+----------+-------------------------------------------
     0 | D:1      | slphil the Djinni Hedge Wizard began the quest for the Orb.
     0 | D:1      | slphil set off with the following spells memorised: Magic
                  | Dart, Slow, Blink, Call Imp, Cigotuvi's Dreadful Rot,
                  | Mephitic Cloud.
     0 | D:1      | Reached XP level 1. HP: 15/15 MP: 0/0
   164 | D:1      | Reached XP level 2. HP: 11/22 MP: 0/0
   216 | D:1      | Reached skill level 1 in Fighting
   534 | D:1      | Reached XP level 3. HP: 20/27 MP: 0/0
   534 | D:1      | Learned a level 1 spell: Summon Small Mammal
   947 | D:2      | Reached skill level 2 in Fighting
  1015 | D:2      | Noticed Natasha
  1020 | D:2      | Noticed Sigmund
  1045 | D:1      | HP: 1/42 [Natasha (3)]
  1049 | D:1      | Killed Natasha
  1050 | D:1      | Reached XP level 4. HP: 17/34 MP: 0/0
  1166 | D:2      | Killed Sigmund
  1167 | D:2      | Reached skill level 3 in Fighting
  1167 | D:2      | Reached XP level 5. HP: 35/41 MP: 0/0
  1167 | D:2      | Learned a level 2 spell: Scorch
  1167 | D:2      | Reached XP level 6. HP: 40/47 MP: 0/0
  1410 | D:3      | Reached skill level 4 in Fighting
  1425 | D:3      | Found a sacrificial altar of Ru.
  1451 | D:3      | Noticed Robin
  1830 | D:3      | Killed Robin
  2021 | D:3      | Reached XP level 7. HP: 19/53 MP: 0/0
  2021 | D:3      | Learned a level 3 spell: Lesser Beckoning
  2183 | D:3      | Found a shimmering altar of Xom.
  2461 | D:3      | Noticed Terence
  2473 | D:3      | Killed Terence
  2841 | D:4      | Found a staircase to the Ecumenical Temple.
  2854 | Temple   | Entered the Ecumenical Temple
  2861 | Temple   | Became a worshipper of Gozag Ym Sagoz the Greedy
  3218 | D:4      | Found Husat's Assorted Antiques.
  3268 | D:4      | Reached skill level 5 in Fighting
  3307 | D:4      | Noticed Menkaure
  3317 | D:4      | Killed Menkaure
  3401 | D:4      | Noticed Blork the orc
  3418 | D:4      | Killed Blork the orc
  3419 | D:4      | Reached skill level 5 in Spellcasting
  3419 | D:4      | Reached XP level 8. HP: 31/60 MP: 0/0
  3534 | D:4      | Found a runed translucent door.
  3535 | D:4      | Noticed Crazy Yiuf
  3636 | D:5      | Entered Level 5 of the Dungeon
  3880 | D:4      | Bought a pair of steaming gloves for 285 gold pieces
  3880 | D:4      | Identified the +1 pair of gloves of Lilacs {Str+4} (You
                  | bought it in a shop on level 4 of the Dungeon)
  3904 | D:5      | Found a transporter.
  3908 | D:5      | Noticed gzilladon's ghost (amateur HOMo)
  3908 | D:5      | Identified the +8 great mace of the Writhing Eel {vorpal,
                  | Fragile Fly MP+9 Str+4}
  3933 | D:5      | Found a transporter.
  3962 | D:5      | Reached skill level 6 in Fighting
  5022 | D:6      | Reached skill level 7 in Fighting
  5174 | D:6      | Reached XP level 9. HP: 50/68 MP: 0/0
  5174 | D:6      | Learned a level 3 spell: Stone Arrow
  5504 | D:6      | Found a stormy altar of Qazlal.
  5542 | D:6      | Found a blossoming altar of Fedhas.
  5571 | D:6      | Found a hazy altar of Hepliaklqana.
  5750 | D:7      | Found a glowing golden altar of the Shining One.
  5919 | D:7      | Identified the +0 plate armour "Ischeinak" {Will++}
  5962 | D:7      | Reached skill level 8 in Fighting
  6390 | D:7      | Found a bloodstained altar of Trog.
  6858 | D:7      | Found a hide-covered altar of Uskayaw.
  7074 | D:8      | Found Ypsanott's Hydra Hut.
  7077 | D:8      | Noticed an eight-headed hydra
  7166 | D:8      | Reached skill level 9 in Fighting
  7277 | D:8      | Noticed a two-headed ogre
  7291 | D:8      | Killed a two-headed ogre
  7292 | D:8      | Reached XP level 10. HP: 58/78 MP: 0/0
  7551 | D:8      | Noticed Maggie
  7558 | D:8      | Killed Maggie
  7559 | D:8      | Reached skill level 10 in Fighting
  7657 | D:8      | Found a glowing silver altar of Zin.
  8310 | D:9      | Noticed a cyclops
  8310 | D:9      | Noticed a kobold demonologist
  8340 | D:9      | Killed a kobold demonologist
  8348 | D:9      | Killed a cyclops
  8563 | D:9      | Noticed a two-headed ogre
  8574 | D:9      | Killed a two-headed ogre
  8851 | D:9      | Found a staircase to the Orcish Mines.
  8864 | D:9      | Found a sparkling altar of Nemelex Xobeh.
  8895 | D:9      | Reached skill level 11 in Fighting
  8895 | D:9      | Reached XP level 11. HP: 67/87 MP: 0/0
  8895 | D:9      | Learned a level 4 spell: Anguish
  9552 | D:10     | Entered Level 10 of the Dungeon
  9665 | D:10     | Identified the +3 leather armour "Kutaij" {rCorr Int-2
                  | Dex+5}
  9754 | D:10     | Noticed an eight-headed hydra
  9767 | D:10     | Killed an eight-headed hydra
 10040 | D:10     | Reached skill level 12 in Fighting
 10106 | D:10     | Found a snail-covered altar of Cheibriados.
 10403 | D:11     | Found a frozen archway.
 10413 | IceCv    | Entered an ice cave
 10722 | IceCv    | Reached skill level 10 in Spellcasting
 11507 | IceCv    | HP: 1/90 [something] (8)]
 11508 | IceCv    | Engulfed by an ice statue's freezing vapour

Illustrated notes

Levels and vault maps discovered:
D:1:      ldierk_water_garden, layout_basic, chequers_serial_rivers_large_a,
          minmay_domino_2
D:2:      layout_rooms, uniq_sigmund, uniq_natasha
D:3:      layout_loops_corners, mainiacjoe_overflow_cross_hatched,
          old_standard_altar, uniq_robin, uniq_terence
D:4:      layout_basic, minmay_temple_entry_statues_fountains, serial_shops,
          nicolae_shop_window_shopping, uniq_crazy_yiuf_cottage, uniq_menkaure,
          uniq_blork_the_orc
D:5:      layout_basic, gammafunk_ghost_smash
D:6:      layout_rooms, grunt_temple_overflow_forces_of_nature,
          mainiacjoe_overflow_brackets, nicolae_elevator_lobby_asterisk
D:7:      layout_loops_corners, mainiacjoe_overflow_alcove_1,
          nicolae_overflow_crystal_walls, nicolae_uskayaw_dance_studio
D:8:      layout_basic, zin_scriptorium, doesnt_shop_hydraphobe, uniq_maggie
D:9:      layout_gridville, general_overflow_altar,
          mainiacjoe_overflow_surrounded_room, orc_0_dummy
D:10:     layout_loops_cross, lemuel_round_altar
D:11:     layout_rooms, lair_entry_dummy, portal_ice_cave_entry_pillars_2,
          gauntlet_entry_generic
Temple:   hellmonk_temple_micro_hex
IceCv:    ice_cave_caverns_02

Skill      XL: |  1  2  3  4  5  6  7  8  9 10 11 |
---------------+----------------------------------+-----
Fighting       | 1 2 3 4 5 7 9 11 12 | 12.5
Spellcasting   | 3 4 5 6 7 8 10 | 10.1
Dodging        | |  2.1
Stealth        | |  1.5

Action                   |  1- 3 |  4- 6 |  7- 9 | 10-12 || total
-------------------------+-------+-------+-------+-------++-------
Melee: Dagger            |     7 |    18 |       |       ||    25
       Falchion          |       |     3 |    10 |       ||    13
       Staff             |       |       |       |     2 ||     2
 Cast: Magic Dart        |    91 |    35 |   235 |    28 ||   389
       Call Imp          |     1 |     2 |     5 |     2 ||    10
       Blink             |     2 |     2 |       |       ||     4
       Mephitic Cloud    |     1 |     9 |     7 |     4 ||    21
       Summon Small Mamm |       |     3 |     9 |     4 ||    16
       Scorch            |       |    13 |    38 |    25 ||    76
       Slow              |       |       |     1 |       ||     1
       Stone Arrow       |       |       |    45 |   143 ||   188
  Use: Potion            |     4 |       |       |     1 ||     5
       Scroll            |       |       |       |    11 ||    11
 Stab: Confused          |       |     4 |       |       ||     4
Armor: Robe              |    11 |    11 |       |       ||    22
       Skin              |     8 |       |       |       ||     8
       Leather armour    |       |       |    43 |    33 ||    76
Dodge: Dodged            |    28 |    18 |    67 |    32 ||   145

Table legend: (Time is in decaauts)
 A = Elapsed time spent in this place.
 B = Non-inter-level travel time spent in this place.
 C = Inter-level travel time spent in this place.
 D = Time resting spent in this place.
 E = Time spent auto-exploring this place.
 F = Levels seen in this place.
 G = Mean time per level.
                   A        B        C        D        E       F      G
               +--------+--------+--------+--------+--------+-----+--------+
         Total |  11520 |  11135 |    385 |   1035 |   8620 |  13 |  886.2 |
       Dungeon |  10410 |  10025 |    385 |    741 |   7957 |  11 |  946.4 |
        Temple |     14 |     14 |      0 |      0 |      0 |   1 |   14.0 |
      Ice Cave |   1094 |   1094 |      0 |    294 |    663 |   1 | 1094.0 |
               +--------+--------+--------+--------+--------+-----+--------+

Top non-repeatable levels by time:
     D:9: 1408 daAuts
     D:3: 1289 daAuts
     D:7: 1205 daAuts
     D:8: 1103 daAuts
   IceCv: 1094 daAuts
     D:6: 1077 daAuts
     D:5: 1066 daAuts
     D:1: 922 daAuts
     D:4: 878 daAuts
    D:10: 838 daAuts
     D:2: 598 daAuts
    D:11: 21 daAuts
  Temple: 14 daAuts
